Match 45330850
Unlisted

Match 45330850
End
Construct Weapon Support Center
Selects Airborne Battlegroup
Selects Heavy Machine Gun Paradrop
Selects Smoke Bombing Run
Heavy Machine Gun Paradrop
Bazooka Squad
Engineer Squad
Heavy Machine Gun Paradrop
Smoke Bombing Run
Selects Paratrooper Squad Paradrop
Heavy Machine Gun Paradrop
Smoke Bombing Run
Heavy Machine Gun Paradrop
Paratrooper Squad Paradrop
Heavy Machine Gun Paradrop
Smoke Bombing Run
Selects Supply Drop
Mechanized Support Center
Heavy Machine Gun Paradrop
.30 cal Machine Gun
Supply Drop
.30 cal Machine Gun
.30 cal Machine Gun
Construct Tank Depot
Heavy Machine Gun Paradrop
Selects Anti-tank Gun Team Paradrop
Anti-tank Gun Team Paradrop
M4(105) Sherman Bulldozer
Anti-tank Gun Team Paradrop
Selects Carpet Bombing Run
M4A1 Sherman Medium Tank
Anti-tank Gun Team Paradrop
M4A1 76mm Conversion
Carpet Bombing Run
M4A1(76) Sherman Medium Tank
Heavy Machine Gun Paradrop
Anti-tank Gun Team Paradrop
M4A1(76) Sherman Medium Tank
Designate Forward Repair Station
Heavy Machine Gun Paradrop
Anti-tank Gun Team Paradrop
Improvised Armor
Paratrooper Squad Paradrop
Paratrooper Squad Paradrop
Anti-tank Gun Team Paradrop
Smoke Bombing Run
Heavy Machine Gun Paradrop
M18 Hellcat Tank Destroyer
M4A1(76) Sherman Medium Tank
Paratrooper Squad Paradrop
Carpet Bombing Run
Heavy Machine Gun Paradrop
dinamix.fr
Sven
seb
KnDGOD
leeradek05
撒旦代言人
星空 sky
JägeR
0
0

Comments sign in to comment!

No comments posted yet!